 Dungeon Crawl Stone Soup version 0.30-a0-986-g7f2e898f52 (webtiles) character file.

Game seed: 7842869569153479479

41 xian the Insei (level 3, -6/26 HPs)
             Began as a Demonspawn Transmuter on Apr 2, 2023.
             Mangled by a hobgoblin
             ... wielding a +2 whip of electrocution
              (9 damage)
             ... on level 2 of the Dungeon.
             The game lasted 00:04:15 (1107 turns).

xian the Insei (Demonspawn Transmuter)              Turns: 1107, Time: 00:04:18

Health: -6/26      AC:  4    Str: 10    XL:     3   Next: 32%
Magic:  0/6        EV: 11    Int: 16    God:
Gold:   65         SH:  0    Dex: 13    Spells: 4/7 levels left

rFire   x . .      SeeInvis .      - Unarmed
rCold   + . .      Faith    .    (no shield)
rNeg    . . .      Spirit   +    d - +0 leather armour
rPois   .          Reflect  .    o - melded +2 helmet
rElec   .          Rampage  .    (no cloak)
rCorr   .                        g - +0 pair of gloves
Will    .....                    (boots currently unavailable)
Stlth   +                        i - amulet of guardian spirit
HPRegen 0.24/turn                m - ring of ice
MPRegen 0.10/turn                (no ring)

@: lethally poisoned (-6 -> -11), appendages, wereblooded, very slightly
contaminated
A: horns 2, talons 2, hooves 1, demonic guardian 1
a: End Transformation


You were on level 2 of the Dungeon.
You had temporarily grown beastly horns and talons.
You visited 1 branch of the dungeon, and saw 2 of its levels.

You collected 65 gold pieces.

Inventory:

Hand Weapons
 f - a +0 dagger
Missiles
 c - 16 stones
 n - 3 poisoned darts
Armour
 d - a +0 leather armour (worn)
 g - a +0 pair of gloves (worn)
 o - a +2 helmet (melded)
Jewellery
 i - an amulet of guardian spirit (around neck)
 m - a ring of ice (left hand)
Scrolls
 k - 3 scrolls of noise {unknown}
 l - a scroll of vulnerability {unknown}
 p - a scroll of amnesia {unknown}
Potions
 a - a potion of berserk rage {unknown}
 b - a potion of lignification
 e - 2 potions of ambrosia {unknown}
 h - a potion of haste {unknown}
 j - a potion of heal wounds {unknown}
 q - a potion of curing {unknown}


   Skills:
 + Level 1.0 Fighting
 + Level 1.2 Armour
 + Level 1.7 Dodging
 + Level 3.1 Unarmed Combat
 + Level 2.5 Spellcasting
 + Level 1.9 Transmutations


You had 4 spell levels left.
You knew the following spells:

 Your Spells              Type           Power      Damage    Failure   Level
a - Beastly Appendage     Tmut           16%        N/A       12%         1
b - Wereblood             Tmut           8%         N/A       17%         2

Your spell library contained the following spells:

 Spells                   Type           Power      Damage    Failure   Level
 Spider Form              Tmut/Pois      5%         N/A       45%         3
 Ice Form                 Ice/Tmut       7%         N/A       86%         4


Dungeon Overview and Level Annotations

Branches:
Dungeon (2/15)

Altars:

Shops:
D:1 ?*==

Annotations:
D:1 Unique shops


Innate Abilities, Weirdness & Mutations

You have temporarily grown beastly horns and talons.
You have large cloven feet.
A weak demonic guardian rushes to your aid.


Message History

The rat is heavily wounded.
The endoplasm quivers.
The rat bites you.
You hit the rat but do no damage. Your kick misses the rat.
You headbutt the rat.
The rat is heavily wounded.
The rat bites you but does no damage.
You hit the rat.
You kill the rat!
Found 8 gold pieces.
You hit the endoplasm. You claw the endoplasm.
You kill the endoplasm!
Your horns disappear.
Your talons disappear.
Your +2 helmet unmelds from your body.
A hobgoblin comes into view.
It is wielding a +2 whip of electrocution.
An adder comes into view.
There are monsters nearby!
The hobgoblin shouts!
The adder hisses angrily.
You grow a pair of large bovine horns.
Your feet morph into talons.
Your +2 helmet melds into your body.
The adder barely misses you.
You miscast Beastly Appendage.
You are very lightly contaminated with residual magic.
Nothing appears to happen.
The adder barely misses you.
Casting: Beastly Appendage (safe; 12% risk of failure)
Confirm with . or Enter, or press ? or * to list all spells.
Your blood is infused with primal strength.
The adder bites you but does no damage.
The hobgoblin hits you but does no damage.
You are electrocuted!
Ouch! That really hurt!
A demonic guardian appears!
The adder bites you.
You are poisoned.
The adder poisons you!
You hit the adder.
The adder is moderately wounded.
You feel sick. The adder closely misses you.
The hobgoblin hits you with a +2 whip of electrocution!
* * * LOW HITPOINT WARNING * * *
You are electrocuted!
You die...

#. .#.# #.# #.#.#. #
###.###.... # ≈
......#.# # ≈~
#......##### #
~..#####..........# #
≈..~.5....$.......######
~.~~....#......#..#.....
~.....S@..#.............
~~~...g$#...>$##..#.....
~.......###...##..####.#
≈.~..#### #.......# #.#
≈.... #......## #.# ~.~.
###.#### #.. ≈~. #.# #..
~.. #.# #.. #.# ##.


You could see an adder (ally target), a hobgoblin and a friendly shadow imp
(summoned).

Vanquished Creatures
  An adder (D:2)
  A worm (D:2)
  A dart slug (D:1)
  3 endoplasms
  A goblin (D:1)
  6 hobgoblins (D:1)
  A kobold (D:1)
  5 ball pythons
  A bat (D:2)
  2 frilled lizards (D:1)
  4 rats
26 creatures vanquished.

Vanquished Creatures (others)
  2 plants (D:1)
2 creatures vanquished.

Grand Total: 28 creatures vanquished

Notes
Turn   | Place    | Note
-------+----------+-------------------------------------------
     0 | D:1      | xian the Demonspawn Transmuter began the quest for the Orb.
     0 | D:1      | Reached XP level 1. HP: 15/15 MP: 3/3
   190 | D:1      | Found Gaps's Jewellery Shop.
   213 | D:1      | Found Ymany's General Store.
   220 | D:1      | Reached skill level 3 in Unarmed Combat
   228 | D:1      | Found Joseekea's Magic Scroll Shoppe.
   259 | D:1      | Gained mutation: A weak demonic guardian rushes to your
                  | aid. [demonic ancestry]
   259 | D:1      | Reached XP level 2. HP: 15/21 MP: 5/5
   615 | D:1      | Learned a level 2 spell: Wereblood
   901 | D:1      | Found Uhuol's Jewellery Shoppe.
  1000 | D:2      | Reached skill level 1 in Armour
  1000 | D:2      | Discovered your monstrous ancestry.
  1000 | D:2      | Lost mutation: You have razor-sharp toenails. [demonic
                  | ancestry]
  1000 | D:2      | Lost mutation: You have sharp toenails. [demonic ancestry]
  1000 | D:2      | Gained mutation: You have large cloven feet. [demonic
                  | ancestry]
  1000 | D:2      | Reached XP level 3. HP: 18/26 MP: 2/6
  1107 | D:2      | Mangled by a hobgoblin

Illustrated notes

Levels and vault maps discovered:
D:1:      evilmike_arrival_rings, layout_basic, serial_shops, shop,
          nicolae_square_shop, shop_fountains, shop, serial_forest,
          infiniplex_forest_fountain, infiniplex_forest_straight_4,
          infiniplex_forest_straight_4, infiniplex_forest_straight_2,
          infiniplex_forest_lined_room_2, infiniplex_forest_clump_long,
          infiniplex_forest_straight_2, infiniplex_forest_lined_3,
          infiniplex_forest_clump_long
D:2:      layout_loops_cross, basic_altar, chequers_serial_rivers_small_3,
          lexackson_kobold_supper

Skill      XL: |  1  2 |
---------------+-------+-----
Unarmed Combat | 3 |  3.1
Armour         | 1 |  1.2
Fighting       | |  1.0
Dodging        | |  1.7
Spellcasting   | |  2.5
Transmutations | |  1.9

Action                     || total
---------------------------++-------
  Melee: Unarmed           ||    73
         Kick              ||    13
         Headbutt          ||     8
         Punch             ||     1
   Cast: Beastly Appendage ||    13
         Wereblood         ||     1
 Armour: Leather armour    ||    32
         Robe              ||     1
  Dodge: Dodged            ||    39

Table legend: (Time is in decaauts)
 A = Elapsed time spent in this place.
 B = Non-inter-level travel time spent in this place.
 C = Inter-level travel time spent in this place.
 D = Time resting spent in this place.
 E = Time spent auto-exploring this place.
 F = Levels seen in this place.
 G = Mean time per level.
                   A        B        C        D        E       F      G
               +--------+--------+--------+--------+--------+-----+--------+
         Total |   1102 |   1102 |      0 |      0 |    698 |   2 |  551.0 |
       Dungeon |   1102 |   1102 |      0 |      0 |    698 |   2 |  551.0 |
               +--------+--------+--------+--------+--------+-----+--------+

Top non-repeatable levels by time:
     D:1: 972 daAuts
     D:2: 129 daAuts
